Map: Deathaura LE

Players

xprtN - Winner!

  • Race: Protoss Protoss
  • League: Diamond
  • Spawn Location: 5:00

VOD

Have the link to the VOD?

Description

Time

  • Played on: Dec. 3, 2020, 3:55 a.m.
  • Length: 8:33
Show
View Real Time Build Order
Export as new Build Order

xprtN Protoss - Winner!

Build Orders: Phoenix Opening, Archon Immortal 

Get SALT Encoding   

  12  0:02  Probe  
  12  0:14  Probe  
  12  0:17  Pylon  
  12  0:26  Probe (Chrono Boost)  
  12  0:38  Gateway, Probe (Chrono Boost)  
  12  0:45  Probe (Chrono Boost)  
  12  0:47  Assimilator  
  12  0:52  Probe  
  12  0:56  Assimilator  
  12  1:05  Probe (Chrono Boost)  
  12  1:12  Gateway  
  12  1:16  Probe (Chrono Boost)  
  12  1:20  Probe (Chrono Boost)  
  12  1:26  Cybernetics Core  
  12  1:31  Probe  
  12  1:36  Pylon  
  12  1:43  Probe  
  12  1:55  Probe  
  12  2:02  Warp Gate  
  12  2:03  Stalker, Sentry  
  12  2:14  Pylon  
  12  2:24  Pylon  
  12  2:29  Stalker  
  12  2:33  Stalker  
  12  2:50  Nexus  
  12  3:00  Stargate  
  12  3:05  Shield Battery  
  12  3:19  Shield Battery  
  12  3:20  Probe  
  12  3:28  Robotics Facility  
  12  3:36  Probe  
  12  3:44  Phoenix (Chrono Boost)  
  12  3:48  Probe  
  12  4:03  Probe (Chrono Boost)  
  12  4:05  Stalker, Probe (Chrono Boost)  
  12  4:06  Phoenix (Chrono Boost)  
  12  4:15  Probe (Chrono Boost)  
  12  4:16  Observer, Probe (Chrono Boost)  
  12  4:20  Probe (Chrono Boost)  
  12  4:24  Phoenix (Chrono Boost)  
  12  4:25  Probe  
  12  4:32  Probe  
  12  4:35  Assimilator  
  12  4:36  Pylon  
  12  4:38  Probe  
  12  4:42  Phoenix (Chrono Boost)  
  12  4:54  Probe x2  
  12  4:55  Assimilator  
  12  5:02  Phoenix (Chrono Boost)  
  12  5:06  Probe  
  12  5:08  Pylon  
  12  5:09  Probe  
  12  5:18  Probe  
  12  5:21  Probe  
  12  5:24  Immortal (Chrono Boost)  
  12  5:33  Twilight Council, Probe  
  12  5:34  Forge  
  12  5:36  Pylon  
  12  5:50  Probe  
  12  5:51  Probe  
  12  5:53  Immortal (Chrono Boost)  
  12  6:02  Probe  
  12  6:13  Protoss Ground Weapons Level 1  
  12  6:15  Charge, Gateway  
  12  6:17  Gateway  
  12  6:22  Immortal (Chrono Boost)  
  12  6:29  Gateway  
  12  6:30  Gateway  
  12  6:35  Pylon  
  12  6:37  Templar Archives  
  12  6:51  Immortal (Chrono Boost)  
  12  6:55  Gateway  
  12  6:57  Gateway  
  12  7:02  Pylon  
  12  7:04  Colossus (Chrono Boost)  
  12  7:12  Nexus  
  12  7:20  Warp Prism (Chrono Boost)  
  12  7:26  Gateway  
  12  7:29  Gateway  
  12  7:31  High Templar  
  12  7:32  High Templar  
  12  7:36  High Templar  
  12  7:39  High Templar  
  12  7:44  Pylon  
  12  7:45  Archon x2, Pylon  
  12  8:09  High Templar x2  
  12  8:10  Zealot  
  12  8:11  Zealot x2  
  12  8:12  Zealot x2  
  12  8:13  Zealot  
  12  8:16  Archon  
Tags
 
Add a new tag
Caveats
  • Supply blocks, unpowered buildings, or Contaminate may cause inaccurate times.
  • Supply counts are checked every 10 seconds.